 Dungeon Crawl Stone Soup version 0.30.0-15-g856e2d3f33 (webtiles) character file.

Game seed: 14672537619604075522

357 bmack86 the Insei (level 6, -2/42 HPs)
             Began as an Octopode Transmuter on May 20, 2023.
             Slain by a black bear (5 damage)
             ... on level 4 of the Dungeon.
             The game lasted 00:15:21 (3039 turns).

bmack86 the Insei (Octopode Transmuter)             Turns: 3039, Time: 00:15:22

Health: -2/42      AC:  1    Str:  9    XL:     6   Next: 64%
Magic:  11/11      EV: 13    Int: 17    God:
Gold:   140        SH:  0    Dex: 13    Spells: 8/12 levels left

rFire   . . .        q - +4 falchion (holy)
rCold   + . .        (no shield)
rNeg    . . .        (helmet restricted)
rPois   .            (no amulet)
rElec   .            n - ring of protection from cold
rCorr   .            t - ring of willpower
SInv    .            (no ring)
Will    +....        (no ring)
Stlth   ++           (no ring)
HPRegen 0.27/turn    (no ring)
MPRegen 0.12/turn    (no ring)
                     (no ring)

%: no passive effects
@: no status effects
A: almost no armour, amphibious, 8 rings, camouflage 1, gelatinous body 1,
(nimble swimmer 1), tentacles
a: no special abilities


You were on level 4 of the Dungeon.
You visited 1 branch of the dungeon, and saw 4 of its levels.

You collected 140 gold pieces.

Inventory:

Hand Weapons
 a - a +0 scythe
 c - a +1 dagger
 q - a +4 falchion of holy wrath (weapon)
Missiles
 r - 6 javelins
Armour
 p - a +0 kite shield
Magical Staves
 m - a staff of death
Jewellery
 n - a ring of protection from cold (left tentacle)
 t - a ring of willpower (right tentacle)
Scrolls
 b - 2 scrolls of enchant weapon
 l - a scroll of teleportation {unknown}
 s - a scroll of poison
Potions
 d - a potion of brilliance
 e - a potion of magic {unknown}
 f - a potion of flight {unknown}
 g - a potion of ambrosia {unknown}
 h - a potion of haste {unknown}
 i - a potion of resistance {unknown}
 j - 3 potions of curing
 k - a potion of heal wounds {unknown}
 o - a potion of might {unknown}


   Skills:
 - Level 3.0 Fighting
 - Level 2.2 Dodging
 + Level 4.4 Unarmed Combat
 + Level 3.5 Spellcasting
 + Level 3.7 Transmutations


You had 8 spell levels left.
You knew the following spells:

 Your Spells              Type           Power      Damage    Failure   Level
a - Beastly Appendage     Tmut           30%        N/A       3%          1
b - Spider Form           Tmut/Pois      9%         N/A       22%         3

Your spell library contained the following spells:

 Spells                   Type           Power      Damage    Failure   Level
 Wereblood                Tmut           15%        N/A       5%          2
 Lesser Beckoning         Tloc           6%         N/A       26%         2
 Gell's Gravitas          Tloc           3%         N/A       45%         3
 Teleport Other           Tloc           3%         N/A       45%         3
 Ice Form                 Ice/Tmut       9%         N/A       58%         4


Dungeon Overview and Level Annotations

Branches:
Dungeon (4/15)
 Temple: D:4-7

Altars:


Innate Abilities, Weirdness & Mutations

You cannot wear most types of armour.
You are amphibious.
You can wear up to eight rings at the same time.
Your skin changes colour to match your surroundings (Stealth+).
Your rubbery body absorbs attacks. (AC +1, EV +1)
((You are camouflaged when in or above water. (Stealth+)))
You have tentacles for arms and can constrict up to eight enemies at once.


Message History

Okay, then.
An adder comes into view.
The hobgoblin barely misses you.
You closely miss the hobgoblin. You grab the hobgoblin.
You squeeze the hobgoblin, but do no damage.
You constrict the hobgoblin.
The hobgoblin zaps a wand.
The puff of flame hits you.
The hobgoblin zaps a wand.
The puff of flame misses you. The black bear barely misses you. x2
The black bear claws you.
As you read the scroll of enchant weapon, it crumbles to dust.
Your +2 falchion of holy wrath glows red for a moment.
You constrict the hobgoblin.
You kill the hobgoblin!
The black bear bites you! The black bear barely misses you.
The black bear claws you.
As you read the scroll of enchant weapon, it crumbles to dust.
Your +3 falchion of holy wrath glows red for a moment.
The black bear bites you. The black bear barely misses you. x2
You hit the black bear. You grab the black bear.
The black bear is lightly wounded.
You constrict the black bear. The black bear barely misses you.
The black bear claws you. The black bear barely misses you.
A worm comes into view.
You barely miss the black bear. You squeeze the black bear.
The black bear is lightly wounded.
You constrict the black bear. The adder barely misses you.
The black bear bites you.
* * * LOW HITPOINT WARNING * * *
The black bear claws you but does no damage.
The black bear misses you. The adder misses you.
You slash the black bear!
You squeeze the black bear, but do no damage.
The black bear is heavily wounded.
You constrict the black bear. The adder barely misses you.
The black bear bites you.
* * * LOW HITPOINT WARNING * * *
The black bear claws you.
* * * LOW HITPOINT WARNING * * *
The black bear claws you.
You die...

[.............#######.#.
........................
......#....#.########.#.
...........#.## #.#.
..............## ..#.
................. .....
..............#.# ##..#.
..............#.# #..#
.......@........# #...
.......Sh........
...###.#.)..!.#.# ...
.....#..|# ##........#
.....#..... ##..w......
......


You could see a black bear, a worm and an adder.

Vanquished Creatures
  Sigmund (D:2)
  Jessica (D:2)
  Natasha (twice) (D:2)
  An iguana (D:4)
  4 adders
  A dart slug (D:2)
  5 ball pythons
  4 endoplasms
  2 giant cockroaches (D:1)
  6 goblins
  9 hobgoblins
  4 kobolds
  4 quokkas
  9 bats
  5 frilled lizards
  5 rats
63 creatures vanquished.

Notes
Turn   | Place    | Note
-------+----------+-------------------------------------------
     0 | D:1      | bmack86 the Octopode Transmuter began the quest for the
                  | Orb.
     0 | D:1      | Reached XP level 1. HP: 13/13 MP: 3/3
   122 | D:1      | Reached XP level 2. HP: 13/18 MP: 1/5
   570 | D:1      | Reached XP level 3. HP: 21/23 MP: 4/6
   574 | D:1      | Learned a level 3 spell: Spider Form
  1470 | D:2      | Noticed Sigmund
  1480 | D:2      | Killed Sigmund
  1481 | D:2      | Reached skill level 4 in Unarmed Combat
  1481 | D:2      | Reached XP level 4. HP: 15/30 MP: 6/8
  1481 | D:2      | Reached XP level 5. HP: 17/35 MP: 6/9
  1646 | D:2      | Noticed Jessica
  1654 | D:2      | Killed Jessica
  1655 | D:2      | Reached XP level 6. HP: 32/41 MP: 8/10
  1761 | D:2      | Noticed Natasha
  1771 | D:2      | Killed Natasha
  2071 | D:2      | Noticed Natasha
  2078 | D:2      | Killed Natasha
  3031 | D:4      | Noticed a black bear
  3039 | D:4      | Slain by a black bear

Illustrated notes

Levels and vault maps discovered:
D:1:      minmay_arrival_diagonal_passages, layout_loops_corners,
          minmay_bisected
D:2:      layout_loops_ring, uniq_sigmund, uniq_jessica, uniq_natasha
D:3:      layout_basic
D:4:      layout_basic

Skill      XL: |  1  2  3  4  5  6 |
---------------+-------------------+-----
Fighting       | 2 3 |  3.0
Unarmed Combat | 4 |  4.4
Spellcasting   | 3 |  3.5
Transmutations | 3 |  3.7
Dodging        | |  2.2

Action                     |  1- 3 |  4- 6 || total
---------------------------+-------+-------++-------
  Melee: Unarmed           |   100 |    35 ||   135
         Kick              |    11 |     4 ||    15
         Constrict         |    22 |    14 ||    36
         Tentacles         |     7 |    18 ||    25
         Falchion          |       |    14 ||    14
         Staff             |       |     5 ||     5
   Cast: Beastly Appendage |    19 |     5 ||    24
    Use: Scroll            |     1 |     5 ||     6
         Potion            |     1 |       ||     1
   Stab: Sleeping          |     8 |     6 ||    14
 Armour: Skin              |    12 |     3 ||    15
  Dodge: Dodged            |    57 |    40 ||    97
  Block: Kite shield       |       |     1 ||     1
